cohdb
Replays
Latest Replays
All Replays
Popular Replays
Top Player Replays
Match Explorer
How It Works
Community
CoH3 Stats
Reddit
Sign in to upload your games and track your stats! →
Sign in with Steam
Match 39678078
Unlisted
Match 39678078
Overview
Messages
Build Orders
End
Construct Barracks
Riflemen Squad
Selects Armored Battlegroup
Riflemen Squad
1⁄4-ton 4x4 Truck
Riflemen Squad
Selects Veteran Crews
Infantry Support Center
M1 Mortar Team
Construct Motor Pool
Selects Field Repairs
Engineer Squad
StephennJF
『BlackBear』
0
0
Comments
sign in to comment!
No comments posted yet!